 Dungeon Crawl Stone Soup version 0.19.0-2-gae57169 (webtiles) character file.

176930 AAAAA the Sharpshooter (level 18, -2/149 HPs)
             Began as a Human Hunter on Nov 2, 2016.
             Was a High Priest of Elyvilon.
             Slain by a snapping turtle (23 damage)
             ... on level 4 of the Shoals on Nov 3, 2016.
             The game lasted 03:21:43 (44160 turns).

AAAAA the Sharpshooter (Human Hunter)              Turns: 44160, Time: 03:21:44

Health: -2/149     AC: 13    Str: 13    XL:     18   Next: 81%
Magic:  0/28       EV: 25    Int: 13    God:    Elyvilon [*****.]
Gold:   729        SH:  0    Dex: 26    Spells: 0 memorised, 17 levels left

rFire  . . .     SeeInvis .     a - +2 whip (elec)
rCold  + . .     Gourm    .     R - +4 troll leather armour
rNeg   + . .     Faith    .     (no shield)
rPois  .         Spirit   +     s - +2 hat {Spirit}
rElec  +         Reflect  .     X - +1 cloak of Starlight {rElec rC+ EV+4 Stlth--}
rCorr  .         Harm     .     O - +0 pair of gloves {Dex+3}
MR     +....                    (no boots)
Stlth  ++........               y - amulet of magic regeneration
                                D - ring of positive energy
                                J - +3 ring of dexterity

@: about to teleport
A: no striking features
a: Lesser Healing, Heal Other, Purification, Greater Healing, Divine Vigour,
Divine Protection, Renounce Religion


You were on level 4 of the Shoals.
You worshipped Elyvilon.
Elyvilon was extremely pleased with you.
You were not hungry.

You visited 6 branches of the dungeon, and saw 29 of its levels.
You visited the Abyss 1 time.
You also visited: Sewer and Ice Cave.

You collected 2948 gold pieces.
You spent 2219 gold pieces at shops.

Inventory:

Hand Weapons
 a - a +2 whip of electrocution (weapon)
 b - the +11 arbalest "Winyxeedgh" {flame, rElec Int+6 Dex-4}
   (You found it on level 3 of the Lair of Beasts)

   It causes projectiles fired from it to burn those they strike, causing extra
   injury to most foes and up to half again as much damage against particularly
   susceptible opponents.
   It affects your intelligence (+6).
   It affects your dexterity (-4).
   It insulates you from electricity.
Missiles
 d - 65 bolts
 S - 4 throwing nets (quivered)
Armour
 s - a +2 hat of spirit shield (worn)
 w - the +2 cloak "Gappaomn" {+Blink rPois Int-2 Dex+3}
   (You found it on level 2 of the Lair of Beasts)

   It affects your intelligence (-2).
   It affects your dexterity (+3).
   It protects you from poison.
   It lets you blink.
 O - a +0 pair of gloves of dexterity (worn)
 R - a +4 troll leather armour (worn)
 X - the +1 cloak of Starlight (worn) {rElec rC+ EV+4 Stlth--}
   (You bought it in a shop on level 2 of the Orcish Mines)

   It affects your evasion (+4).
   It protects you from cold.
   It insulates you from electricity.
   It makes you much less stealthy.
Jewellery
 g - a +6 amulet of reflection
 l - an uncursed amulet of rage
 y - an amulet of magic regeneration (around neck)
 D - a ring of positive energy (right hand)
 J - a +3 ring of dexterity (left hand)
 Z - an uncursed ring of fire
Wands
 x - a wand of slowing (10/48)
 E - a wand of teleportation (4/9)
 T - a wand of teleportation (0/9)
 U - a wand of disintegration (12/24)
Scrolls
 e - 3 scrolls of fear
 i - 11 scrolls of remove curse
 j - 2 scrolls of silence
 k - 5 scrolls of fog
 m - a scroll of identify
 p - 7 scrolls of immolation
 q - 2 scrolls of amnesia
 v - a scroll of summoning
 F - 5 scrolls of recharging
 H - a scroll of magic mapping
 I - 2 scrolls of holy word
 M - a scroll of blinking
 P - 2 scrolls of brand weapon
 W - 6 scrolls of enchant weapon
 Y - 3 scrolls of teleportation
Potions
 h - 6 potions of might
 n - a potion of ambrosia
 o - a potion of flight
 u - a potion of magic
 z - 5 potions of brilliance
 A - 4 potions of agility
 B - 8 potions of curing
 C - 3 potions of cancellation
 G - 6 potions of lignification
 K - 2 potions of berserk rage
 N - 2 potions of invisibility
 Q - 2 potions of cure mutation
Miscellaneous
 t - a phantom mirror
 V - a fan of gales (inert)
Comestibles
 c - 2 chunks of flesh
 f - 27 bread rations
 r - 16 meat rations
 L - 10 fruits


   Skills:
 - Level 15.0 Fighting
   Level 2.1 Short Blades
 - Level 12.0 Maces & Flails
 - Level 18.0 Crossbows
 - Level 9.5 Dodging
 - Level 10.0 Stealth
 + Level 14.2 Invocations


You had 17 spell levels left.
You didn't know any spells.

Dungeon Overview and Level Annotations

Branches:
Dungeon (15/15)            Temple (1/1) D:7            Lair (6/6) D:10
 Shoals (4/4) Lair:3        Snake (1/4) Lair:2        Slime (0/5) Lair:5
    Orc (2/2) D:9             Elf (0/3) Orc:2        Vaults (0/5) D:13
 Depths (0/5) D:15

Altars:
Ashenzari
Cheibriados
Dithmenos
Elyvilon
Fedhas
Gozag
Hepliaklqana
Kikubaaqudgha
Makhleb
Nemelex Xobeh
Okawaru
Qazlal
Ru
Sif Muna
Trog
Uskayaw
Vehumet
Xom
Yredelemnul
Zin
The Shining One
Beogh

Shops:
D:4 *   D:5 *%**   D:14 :   Orc:1 ![[%(   Orc:2 ([*=   Shoals:2 (

Annotations:
Shoals:4 Ilsuiw; bworf's ghost, adept HOGl


Message History

The snapping turtle closely misses you.
The merfolk aquamancer casts a spell at you.
The great wave of water hits you!
* * * LOW HITPOINT WARNING * * *
You are knocked back by the great wave of water.
You collide with the centaur!
* * * LOW HITPOINT WARNING * * *
Splash!
The wave splashes down.
The water nymph misses you.
The faun hits the plant with an enchanted hunting sling!
Jolted by the loud noise, you snap out of your trance!
You are no longer entranced.
You hear an angry hiss.
You hear a shout! x2; You hear an angry hiss. x2
You hear a shout! x5; You hear an angry hiss.
You hear a shout! x3
You hear an angry hiss.
You hear a bleat!
You are healed.
You feel somewhat more hungry. The centaur closely misses you.
The siren chants a haunting song.
You resist.
The snapping turtle bites you from afar!!
You die...

≈≈≈≈P≈≈≈≈≈≈c≈≈≈≈(≈≈≈≈≈≈≈≈≈≈≈,,*,,
≈P≈≈≈P≈≈P≈#PP≈≈≈≈≈≈≈≈P≈≈≈≈≈≈≈,,,≈
≈≈%≈P≈P≈≈#≈PPP≈≈≈≈≈≈≈≈≈≈≈≈≈≈≈,,,≈
≈≈≈≈.≈≈≈≈#≈##≈≈≈≈≈≈≈≈≈≈P≈≈≈≈,,,,,
≈≈..P##≈≈≈≈≈≈c##≈≈≈≈≈≈≈≈≈≈≈,,,,,,
*.P...P.≈...≈PP≈≈≈≈≈≈≈≈≈≈≈,,,,,,,
,...P....(...c.≈c≈.≈≈≈≈P≈,,,,,,,,
,...P.P....(.ctmm≈H.≈≈≈≈≈,,,,,,,,
,....##.......##@c...≈P≈,,,,,,,,,
,P......##.#..m≈.....≈≈≈,,,,,,,,,
,....P.P...#..mP......).,,,,,,,,≈
,.≈≈...m.P#.P...........,,,,,,≈≈≈
,,≈≈≈..........P........,**≈≈≈≈≈≈
,,≈≈≈.....≈≈P≈≈P..P.....≈≈**≈≈≈≈P
,≈≈≈≈≈≈≈≈≈≈≈≈≈≈P≈≈≈≈≈..≈*≈*≈≈≈≈≈≈
≈≈≈≈≈≈≈≈≈≈≈≈≈≈≈≈P≈≈≈≈..≈*≈*≈≈≈≈≈≈
≈≈≈≈≈≈≈≈≈≈≈≈≈≈≈≈≈≈≈≈≈,,≈*≈≈≈≈,≈≈≈


You could see a merfolk aquamancer, a snapping turtle, 4 fauns, 2 sirens, a
water nymph, a harpy and a centaur.

Vanquished Creatures
  2 Ice Fiends (IceCv)
  Polyphemus (Shoals:2)
  Gastronok (D:9)
  An orc warlord (Orc:2)
  Aizul (Shoals:3)
  A caustic shrike zombie (D:15)
  2 dire elephants
  3 merfolk impalers
  Josephine (Orc:2)
  4 vault guards (D:13)
  5 merfolk aquamancers
  6 hydras
  A catoblepas (Shoals:2)
  5 merfolk avatars
  2 alligator snapping turtles
  5 centaur warriors
  Erica (Lair:1)
  2 satyrs (Shoals:4)
  2 tengu warriors
  An ogre mage (Orc:1)
  4 death yaks (Shoals:2)
  The ghost of Tyryt0 the Covert, a novice OpFi of Ashenzari (D:10)
  An orc high priest (Orc:2)
  Nergalle (Orc:2)
  A skeletal warrior (D:15)
  4 unseen horrors
  18 sea snakes
  A lindwurm (Lair:4)
  2 wizards
  A golden dragon zombie (D:15)
  A phantasmal warrior (D:15)
  4 orc knights
  Pikel (D:7)
  6 hill giants
  15 harpies
  A necromancer (D:15)
  3 ugly things
  A wolf spider (Lair:6)
  2 deep elf magi
  A fire giant zombie (D:15)
  4 cyclopes
  4 orc sorcerers
  19 manticores
  Maurice (D:8)
  Joseph (D:9)
  13 fauns
  34 elephants
  9 sirens
  5 black mambas
  Psyche (D:9)
  3 water nymphs
  A gargoyle (D:13)
  A torpor snail (Lair:5)
  The ghost of Mukku the Chopper, a novice FoAK of Lugonu (D:4)
  3 ice statues
  13 komodo dragons
  20 spiny frogs
  A freezing wraith (D:14)
  2 kobold demonologists (D:13)
  6 rime drakes
  13 ice devils
  A guardian mummy (D:15)
  A yaktaur zombie (D:15)
  A queen bee (Lair:2)
  A tengu conjurer (D:15)
  A red devil (Abyss:2)
  20 merfolk
  9 wind drakes
  A two-headed ogre (D:12)
  3 meliai (D:14)
  11 polar bears
  Prince Ribbit (D:7)
  16 blink frogs
  8 snapping turtles
  7 trolls
  5 hornets
  8 slime creatures
  15 hippogriffs
  3 dream sheep (Shoals:2)
  A vampire (D:12)
  Sigmund (D:4)
  A spriggan (Lair:5)
  4 hogs (D:9)
  8 wyverns
  18 water elementals
  3 shadows (D:12)
  25 yaks
  7 wraiths
  A human (D:9)
  6 vampire mosquitoes
  3 basilisks
  A steam dragon (D:9)
  2 hungry ghosts
  6 large abominations
  5 wargs
  2 nagas (Lair:2)
  9 porcupines
  10 water moccasins
  A swamp drake (D:10)
  An eye of draining (D:11)
  32 orc warriors
  8 ice beasts
  6 sky beasts
  4 slaves (D:7)
  A necrophage (D:9)
  4 phantoms
  7 small abominations (D:9)
  8 wolves
  5 boggarts (D:15)
  16 ogres
  2 black bears
  23 centaurs
  Blork the orc (D:4)
  20 crocodiles
  A big kobold (D:9)
  12 bullfrogs
  A wyvern zombie (D:10)
  A scorpion (D:13)
  52 killer bees
  3 howler monkeys
  10 wights
  An electric eel (Lair:3)
  8 crimson imps
  3 centaur zombies
  4 jellies
  17 orc priests
  5 centaur skeletons
  10 hounds
  31 orc wizards
  3 bullfrog skeletons
  9 iguanas
  16 worker ants
  A worker ant zombie (D:11)
  Robin (D:4)
  11 gnolls
  17 adders
  4 river rats
  5 shadow imps
  7 white imps
  8 ufetubi (IceCv)
  2 oozes
  2 adder zombies
  3 worms (D:3)
  2 dart slugs
  9 leopard geckos
  81 orcs
  7 bats
  4 giant cockroaches
  8 hobgoblins
  15 jackals
  4 quokkas
  5 ball pythons
  A ball python zombie (D:6)
  10 frilled lizards
  18 goblins
  A jackal skeleton (D:7)
  21 kobolds
  20 rats
  2 fungi (Lair:5)
  2 plants
1093 creatures vanquished.

Vanquished Creatures (others)
  A manticore (Shoals:2)
  A spiny frog (Lair:4)
  A centaur (D:11)
  A bullfrog (Lair:4)
  An orc wizard (D:5)
  4 white imps (IceCv)
  2 ufetubi (IceCv)
  An orc (D:13)
  A bush (Lair:4)
  70 fungi
  173 plants
  5 withered plants (D:15)
261 creatures vanquished.

Grand Total: 1354 creatures vanquished

Notes
Turn   | Place    | Note
-------+----------+-------------------------------------------
     0 | D:1      | AAAAA the Human Hunter began the quest for the Orb.
     0 | D:1      | Reached XP level 1. HP: 16/16 MP: 1/1
   234 | D:1      | Reached XP level 2. HP: 22/23 MP: 2/2
   602 | D:1      | Reached XP level 3. HP: 17/29 MP: 3/3
  1026 | D:2      | Reached XP level 4. HP: 33/37 MP: 4/4
  1851 | D:3      | Reached XP level 5. HP: 43/43 MP: 5/5
  1999 | D:3      | Reached skill level 5 in Fighting
  2194 | D:3      | Found a faded altar of an unknown god.
  2441 | D:3      | Noticed a phantom
  2484 | D:3      | Killed a phantom
  2484 | D:3      | Reached XP level 6. HP: 40/52 MP: 6/6
  2512 | D:3      | Found a stormy altar of Qazlal.
  2760 | D:3      | Found a bloodstained altar of Trog.
  2760 | D:3      | Found a faded altar of an unknown god.
  2765 | D:3      | Found a shadowy altar of Dithmenos.
  2767 | D:3      | Found a faded altar of an unknown god.
  2768 | D:3      | Found a faded altar of an unknown god.
  2792 | D:3      | Became a worshipper of Elyvilon the Healer
  2792 | D:3      | Reached * piety under Elyvilon
  3039 | D:4      | Found an ancient bone altar of Kikubaaqudgha.
  3111 | D:4      | Found a hazy altar of Hepliaklqana.
  3111 | D:4      | Found a sparkling altar of Nemelex Xobeh.
  3144 | D:4      | Reached XP level 7. HP: 55/59 MP: 7/7
  3164 | D:4      | Noticed Mukku's ghost (novice FoAK)
  3326 | D:3      | HP: 3/60 [orc wizard/magic dart (6)]
  3809 | D:4      | Found Zin's Purification Station.
  3829 | D:4      | Found a glowing silver altar of Zin.
  4032 | D:4      | Noticed Blork the orc
  4071 | D:4      | Killed Blork the orc
  4122 | D:4      | Reached XP level 8. HP: 45/69 MP: 8/8
  4336 | D:4      | Noticed Robin
  4375 | D:4      | Killed Robin
  4430 | D:4      | Noticed Sigmund
  4494 | D:4      | Killed Sigmund
  4847 | D:4      | Killed Mukku's ghost
  5081 | D:5      | Entered Level 5 of the Dungeon
  5115 | D:5      | Found Ehalu's Assorted Antiques.
  5122 | D:5      | Found Asocof's General Store.
  5122 | D:5      | Found Sizive Qeva's Food Shop.
  5125 | D:5      | Reached skill level 10 in Fighting
  5131 | D:5      | Found Imatis's Assorted Antiques.
  5141 | D:5      | Reached XP level 9. HP: 38/78 MP: 9/9
  5285 | D:5      | Found a glowing drain.
  5306 | D:5      | HP: 1/78 [adder (3)]
  5500 | D:5      | Bought a scroll of teleportation for 36 gold pieces
  5512 | D:5      | Bought an iron wand for 108 gold pieces
  5565 | D:5      | Reached skill level 5 in Crossbows
  5575 | Sewer    | Entered a sewer
  6089 | D:5      | Reached ** piety under Elyvilon
  6557 | D:5      | Found a deep blue altar of Sif Muna.
  6707 | D:5      | Bought a lumpy puce potion for 24 gold pieces
  6707 | D:5      | Bought a scroll labeled ZUPUID POEHUM for 27 gold pieces
  6818 | D:5      | Reached skill level 6 in Crossbows
  7430 | D:6      | Reached skill level 7 in Crossbows
  7508 | D:6      | Reached *** piety under Elyvilon
  7623 | D:7      | Found a staircase to the Ecumenical Temple.
  7724 | Temple   | Entered the Ecumenical Temple
  8020 | D:7      | Noticed Pikel
  8341 | D:7      | Reached **** piety under Elyvilon
  8520 | D:7      | Noticed Prince Ribbit
  9291 | D:7      | Killed Prince Ribbit
  9291 | D:7      | Reached skill level 8 in Crossbows
  9519 | D:7      | Noticed a hippogriff
  9541 | D:7      | Killed a hippogriff
  9961 | D:7      | Killed Pikel
  9961 | D:7      | Reached skill level 5 in Invocations
  9961 | D:7      | Reached XP level 10. HP: 47/85 MP: 10/13
 10804 | D:7      | Reached skill level 1 in Maces & Flails
 11388 | D:8      | Noticed Maurice
 12185 | D:8      | Reached skill level 5 in Maces & Flails
 12629 | D:8      | Killed Maurice
 13051 | D:9      | Noticed Psyche
 13062 | D:9      | Killed Psyche
 13062 | D:9      | Reached XP level 11. HP: 68/91 MP: 15/15
 13454 | D:9      | Noticed Joseph
 13456 | D:9      | Noticed Gastronok
 13574 | D:9      | Killed Joseph
 13603 | D:9      | Killed Gastronok
 13603 | D:9      | Reached skill level 10 in Maces & Flails
 13688 | D:9      | Reached ***** piety under Elyvilon
 13688 | D:9      | Noticed a wizard
 13697 | D:10     | Entered Level 10 of the Dungeon
 13781 | D:9      | Cast into level 2 of the Abyss (a wizard)
 13906 | Abyss:2  | Noticed a great orb of eyes
 13921 | Abyss:2  | Paralysed by a great orb of eyes for 7 turns
 13929 | Abyss:2  | HP: 1/91 [great orb of eyes (6)]
 13937 | Abyss:2  | Noticed a bone dragon
 13943 | Abyss:2  | Noticed a tentacled starspawn
 13945 | Abyss:2  | Noticed a thrashing horror
 14032 | D:9      | Escaped the Abyss
 14045 | D:9      | Killed a wizard
 14442 | D:9      | You fall through a shaft!
 14504 | D:9      | Reached XP level 12. HP: 76/97 MP: 12/16
 14566 | D:9      | Found a staircase to the Orcish Mines.
 15247 | D:10     | Found a staircase to the Lair.
 15455 | D:10     | Noticed Tyryt0's ghost (novice OpFi)
 15477 | D:10     | Killed Tyryt0's ghost
 15607 | D:10     | Found a sparkling altar of Nemelex Xobeh.
 15860 | D:11     | Killed an unseen horror
 16762 | D:11     | Reached skill level 10 in Invocations
 16945 | Lair:1   | Entered Level 1 of the Lair of Beasts
 17524 | Lair:1   | Noticed Erica
 17641 | Lair:1   | Killed Erica
 17796 | Lair:1   | Reached XP level 13. HP: 73/103 MP: 15/21
 17862 | Lair:2   | Reached skill level 5 in Dodging
 17991 | Lair:2   | Noticed an eight-headed hydra
 17993 | Lair:2   | Pacified an eight-headed hydra
 19048 | Lair:2   | Got an ichor-stained cloak
 19060 | Lair:2   | Identified the +2 cloak "Gappaomn" {+Blink rPois Int-2 Dex+3} (You found it on level 2 of the Lair of Beasts)
 19193 | Lair:2   | Found a staircase to the Snake Pit.
 19674 | Lair:3   | Got an ancient arbalest
 19698 | Lair:3   | Identified the +11 arbalest "Winyxeedgh" {flame, rElec Int+6 Dex-4} (You found it on level 3 of the Lair of Beasts)
 19740 | Lair:3   | Noticed an eight-headed hydra
 19828 | Lair:3   | Killed an eight-headed hydra
 19828 | Lair:3   | Reached skill level 5 in Stealth
 20169 | Lair:3   | Found a staircase to the Shoals.
 20239 | Lair:3   | Noticed a six-headed hydra
 20260 | Lair:3   | Killed a six-headed hydra
 20320 | Lair:3   | Reached ****** piety under Elyvilon
 20374 | Lair:3   | Reached XP level 14. HP: 110/110 MP: 22/22
 20549 | Lair:3   | Identified a scroll of acquirement
 21006 | Lair:4   | Found a shimmering altar of Xom.
 21112 | Lair:4   | Got a dull robe
 21127 | Lair:4   | Identified the +1 robe "Azxelow" {*Corrode MR+ Dex+2} (You found it on level 4 of the Lair of Beasts)
 21223 | Lair:4   | Got a bloodstained quarterstaff
 21225 | Lair:4   | Identified the +8 quarterstaff "Demonslayer" {crush, MR+} (You found it on level 4 of the Lair of Beasts)
 21270 | Lair:4   | Noticed Harold
 21278 | Lair:4   | Pacified Harold
 21617 | Lair:5   | Reached skill level 10 in Stealth
 21683 | Lair:5   | Found a staircase to the Slime Pits.
 21966 | Lair:5   | Reached skill level 9 in Crossbows
 22039 | Lair:5   | Noticed a dire elephant
 22105 | Lair:5   | Killed a dire elephant
 22165 | Lair:5   | Reached skill level 10 in Crossbows
 22467 | Lair:5   | Found a runed door.
 22634 | Lair:5   | Got a bone fustibalus
 22635 | Lair:5   | Identified the +11 fustibalus of the Forsaken Curses {freeze, Str+4} (You found it on level 5 of the Lair of Beasts)
 22659 | Lair:6   | Entered Level 6 of the Lair of Beasts
 22825 | Lair:6   | Reached skill level 11 in Crossbows
 23139 | Lair:6   | Reached XP level 15. HP: 115/115 MP: 23/23
 23202 | Lair:6   | Reached skill level 12 in Crossbows
 23790 | Lair:6   | Reached skill level 13 in Crossbows
 24499 | Lair:6   | Reached skill level 14 in Crossbows
 25477 | Orc:1    | Entered Level 1 of the Orcish Mines
 25477 | Orc:1    | Found Zufayri's Weapon Shoppe.
 25477 | Orc:1    | Found Vyneiwk's Food Boutique.
 25611 | Orc:1    | Found Wiwuock's Armour Emporium.
 25655 | Orc:1    | Found Dozula's Antique Armour Emporium.
 25741 | Orc:1    | Bought a pair of glowing gloves for 273 gold pieces
 25840 | Orc:2    | Entered Level 2 of the Orcish Mines
 25840 | Orc:2    | Noticed Josephine
 25847 | Orc:2    | Killed Josephine
 25852 | Orc:2    | Found a roughly hewn altar of Beogh.
 25853 | Orc:2    | Noticed an orc warlord
 25853 | Orc:2    | Noticed Nergalle
 26031 | Orc:2    | Found a roughly hewn altar of Beogh.
 26227 | Orc:1    | Found Subresana's Distillery.
 26235 | Orc:1    | Bought a potion of invisibility for 96 gold pieces
 26289 | Orc:1    | Found a burning altar of Makhleb.
 26788 | Orc:2    | Reached skill level 15 in Crossbows
 27193 | Orc:2    | Reached XP level 16. HP: 116/122 MP: 24/24
 27205 | Orc:2    | Killed Nergalle
 27357 | Orc:2    | Found Canujo's General Store.
 27398 | Orc:2    | Found Yntiq's Jewellery Emporium.
 27407 | Orc:2    | Bought a cursed ring of loudness for 54 gold pieces
 27407 | Orc:2    | Bought a cursed amulet of inaccuracy for 24 gold pieces
 27457 | Orc:2    | Found Bekuac's Antique Armour Emporium.
 27473 | Orc:2    | Found Wuj Ela's Antique Weapon Emporium.
 27537 | Orc:2    | Found a staircase to the Elven Halls.
 27720 | Orc:2    | Bought the +1 cloak of Starlight {rElec rC+ EV+4 Stlth--} for 1424 gold pieces
 28132 | D:5      | Bought 25 bolts for 60 gold pieces
 28132 | D:5      | Bought a scroll of magic mapping for 42 gold pieces
 28314 | Orc:2    | Bought 15 bolts for 51 gold pieces
 29100 | D:12     | Reached skill level 16 in Crossbows
 30056 | D:13     | You fall through a shaft for 2 floors!
 30056 | D:15     | Entered Level 15 of the Dungeon
 30070 | D:15     | Found a staircase to the Depths.
 30395 | D:15     | Found an opulent altar of Gozag.
 30589 | D:15     | Reached skill level 17 in Crossbows
 31613 | D:15     | Got a warped leather armour
 31625 | D:15     | Identified the cursed +0 leather armour of Boiling Hail {MR+ Str+7} (You found it on level 15 of the Dungeon)
 32414 | D:14     | Found Pucuag's Book Emporium.
 32556 | D:14     | Found a roughly hewn altar of Beogh.
 32861 | D:14     | Reached XP level 17. HP: 128/128 MP: 25/25
 32990 | D:13     | Reached skill level 18 in Crossbows
 33183 | D:13     | Found a gate to the Vaults.
 34117 | Snake:1  | Entered Level 1 of the Snake Pit
 34244 | Shoals:1 | Entered Level 1 of the Shoals
 34352 | Shoals:1 | Found a frozen archway.
 34422 | IceCv    | Entered an ice cave
 34890 | IceCv    | Noticed an Ice Fiend
 34904 | IceCv    | Killed an Ice Fiend
 34915 | IceCv    | Noticed an Ice Fiend
 34926 | IceCv    | Elyvilon protects you from harm!
 34931 | IceCv    | Elyvilon protects you from harm!
 34932 | IceCv    | HP: 8/199 [Ice Fiend (27)]
 34934 | IceCv    | Killed an Ice Fiend
 35225 | IceCv    | Got a jewelled long sword
 35226 | IceCv    | Identified the +2 long sword "Rimad" {slice, *Corrode rElec MR+ Int+5} (You found it in an ice cave)
 35729 | Shoals:1 | Got a twisted plate armour
 35756 | Shoals:1 | Identified the +3 plate armour of the Suburbs {Str+3} (You took it off a merfolk on level 1 of the Shoals)
 37365 | Shoals:2 | Noticed a kraken
 37793 | Shoals:2 | Noticed Polyphemus
 37852 | Shoals:2 | Killed Polyphemus
 38213 | Shoals:2 | Reached XP level 18. HP: 106/147 MP: 23/26
 38364 | Shoals:2 | Found Zaggu's Weapon Emporium.
 39208 | Shoals:2 | Reached skill level 15 in Fighting
 42341 | Shoals:3 | Noticed Aizul
 42382 | Shoals:3 | Killed Aizul
 42598 | Shoals:4 | Entered Level 4 of the Shoals
 42598 | Shoals:4 | Noticed Ilsuiw
 43240 | Shoals:4 | Got a crystal long sword {holy}
 43241 | Shoals:4 | Identified the +1 long sword of Spring {holy, Str+4 Stlth+} (You took it off a merfolk on level 4 of the Shoals)
 43613 | Shoals:4 | Noticed bworf's ghost (adept HOGl)
 44160 | Shoals:4 | Slain by a snapping turtle

Skill      XL: |  1  2  3  4  5  6  7  8  9 10 11 12 13 14 15 16 17 18 |
---------------+-------------------------------------------------------+-----
Fighting       | 3 4 6 8 10 14 15 | 15.0
Short Blades   | 2 |  2.1
Crossbows      | 8 11 15 17 18 | 18.0
Invocations    | 5 6 11 14 | 14.2
Maces & Flails | 7 11 12 | 12.0
Dodging        | 4 9 |  9.5
Stealth        | 7 10 | 10.0

Action                   |  1- 3 |  4- 6 |  7- 9 | 10-12 | 13-15 | 16-18 || total
-------------------------+-------+-------+-------+-------+-------+-------++-------
Melee: Short sword       |   140 |   238 |   113 |       |       |       ||   491
       Dagger            |       |       |   404 |    69 |       |       ||   473
       Whip              |       |       |       |   889 |  1567 |  2992 ||  5448
       Arbalest          |       |       |       |       |     1 |       ||     1
 Fire: Hand crossbow     |     3 |    15 |    33 |   101 |     3 |       ||   155
       Blowgun           |       |       |    75 |       |    10 |       ||    85
       Arbalest          |       |       |       |       |   327 |   335 ||   662
Invok: Lesser Healing    |       |       |    10 |     6 |     1 |    24 ||    41
       Purification      |       |       |       |     2 |     2 |     5 ||     9
       Divine Vigour     |       |       |       |     1 |     3 |     3 ||     7
       Heal Other        |       |       |       |       |     4 |     7 ||    11
       Greater Healing   |       |       |       |       |     3 |     8 ||    11
Evoke: Wand              |       |       |     2 |     2 |     2 |    12 ||    18
       Fan of gales      |       |       |       |       |       |     2 ||     2
  Use: Scroll            |       |       |     9 |    23 |    13 |    15 ||    60
       Potion            |       |       |     2 |     1 |     1 |     8 ||    12
 Stab: Sleeping          |     1 |       |     1 |       |     6 |    15 ||    23
       Paralysed         |       |       |     1 |       |       |       ||     1
       Distracted        |       |       |       |     1 |     2 |     1 ||     4
  Eat: Chunk             |       |     8 |    16 |    20 |    28 |    44 ||   116
       Fruit             |       |       |     3 |       |     5 |    17 ||    25
       Beef jerky        |       |       |     1 |     2 |     2 |     1 ||     6
       Royal jelly       |       |       |     1 |       |     1 |     1 ||     3
       Meat ration       |       |       |       |     1 |       |       ||     1
       Pizza             |       |       |       |       |     1 |     8 ||     9
Armor: Leather armour    |    32 |       |       |       |       |       ||    32
       Ring mail         |    13 |    58 |   178 |    90 |       |       ||   339
       Troll leather arm |       |       |       |   137 |   437 |   534 ||  1108
       Skin              |       |       |       |       |       |     8 ||     8
Dodge: Dodged            |    96 |   115 |   273 |   375 |  1412 |  3001 ||  5272
Block: Other             |    21 |    51 |   144 |   240 |   164 |       ||   620
       Reflection        |       |       |     2 |    13 |     1 |       ||    16
